 Dungeon Sprint DCSS version 0.20.1-1-g8b1a95d (webtiles) character file.

1618 Lanoc the Unseen (level 8, -2/45 HPs)
             Began as a Felid Monk on Nov 29, 2017.
             Was an Elder of Dithmenos.
             Slain by a demonic crawler (11 damage)
             ... in the Dungeon (Sprint I: "Red Sonja").
             The game lasted 00:05:35 (1177 turns).

Lanoc the Unseen (Felid Monk)                       Turns: 1177, Time: 00:05:35

Health: -2/45      AC:  2    Str:  7    XL:     8   Next: 64%
Magic:  9/9        EV: 33    Int: 11    God:    Dithmenos [****..]
Gold:   922        SH:  0    Dex: 22    Spells: 7/7 levels left
                                        Lives:  0   Deaths: 2

rFire    . . .     SeeInvis +     - Unarmed
rCold    . . .     Gourm    .   (shield unavailable)
rNeg     . . .     Faith    .   (armour unavailable)
rPois    .         Spirit   .   (helmet unavailable)
rElec    .         Reflect  .   (cloak unavailable)
rCorr    .         Harm     .   (gloves unavailable)
MR       +....     Clarity  +   (boots unavailable) Stlth ++++++++++NoTele +
                                (no amulet)
Regen    0.2/turn               (no ring)
MPRegen  0.2/turn               (no ring)

@: wreathed by umbra, quick
A: no armour, no weapons or thrown items, stealth, claws 1, fangs 3, see
invisible, carnivore 3, clarity, speed 1, shaggy fur 2, slow metabolism 1,
MP-powered wands, sharp paws
a: Shadow Step, Renounce Religion


You were in the Dungeon.
You worshipped Dithmenos.
Dithmenos was greatly pleased with you.
You were very full.

You visited 1 branch You collected 922 gold pieces.

Inventory:

Wands
 f - a wand of lightning (9/15)
 i - a wand of acid (8/15)
Scrolls
 g - a scroll of blinking
 j - a scroll of random uselessness {unknown}
Potions
 e - 2 potions of magic
 h - 3 potions of curing
Comestibles
 a - 2 meat rations
 b - a royal jelly


   Skills:
 + Level 11.5 Fighting
 + Level 14.5 Dodging
 * Level 18.0 Stealth
 + Level 11.5 Unarmed Combat


You had 7 spell levels left.
You didn't know any spells.

Dungeon Overview and Level Annotations

Branches:
Dungeon (1/1)

Altars:
Cheibriados
Dithmenos
Elyvilon
Fedhas
Gozag
Hepliaklqana
Kikubaaqudgha
Makhleb
Nemelex Xobeh
Okawaru
Qazlal
Ru
Sif Muna
Trog
Uskayaw
Vehumet
Xom
Yredelemnul
Zin
The Shining One
Jiyva
Lugonu

Shops:
D !*[

Annotations:
D exclusion: oklob plant


Innate Abilities, Weirdness & Mutations

You cannot wear armour.
You are incapable of wielding weapons or throwing items.
Your paws allow you to move quietly. (Stealth)
You have sharp claws.
You have razor-sharp teeth.
You have supernaturally acute eyesight. (SInv)
You are carnivorous and can eat meat at any time.
You cover ground quickly.
You are covered in thick fur. (AC +2)
You have a slow metabolism.
Your sharp claws are effective at attacking unaware monsters.
You possess an exceptional clarity of mind.
You expend magic power (3 MP) to strengthen your wands.


Message History

You feel much better.
It was a potion of mutation.
You feel extremely strange.
You feel your magical essence link to your wands.
Your thoughts seem clearer.
You barely miss the demonic crawler. The demonic crawler misses you.
The demonic crawler hits you!
The demonic crawler completely misses you.
You scratch the demonic crawler.
You bite the demonic crawler, but do no damage.
The demonic crawler is lightly wounded.
The demonic crawler completely misses you. x3
You scratch the demonic crawler.
The demonic crawler is lightly wounded.
The demonic crawler misses you. The demonic crawler hits you.
* * * LOW HITPOINT WARNING * * *
The demonic crawler completely misses you.
You claw the demonic crawler! You bite the demonic crawler.
The demonic crawler is moderately wounded.
The demonic crawler hits you!
You die...

#..#####'#####'#__###
#..####..#...#(####[[
#..#__####..##[#§§§§.
#..#_____##'#..'§≈§)§
#⌠⌠#_.∩...'..s_#§§§()
####_..__##_.#'##+###
#_____###'#.#.[))#
############.####'###
#∩..@s....'...'.....'
###++++####.).#######
###.### #.#'#§#
#....§# #..)..#
#######


You could see a demonic crawler.

Vanquished Creatures
  2 centaur warriors (D)
  Sonja (D)
  A deep troll (D)
  2 kobold demonologists (D)
  A demonic crawler (D)
  A hornet (D)
  A slime creature (D)
  Sigmund (D)
  A yak (D)
  A floating eye (D)
  An ogre (D)
  A jelly (D)
  Ijyb (D)
  A ballistomycete spore (D)
16 creatures vanquished.

Vanquished Creatures (others)
  A gargoyle (D)
  A ballistomycete spore (D)
2 creatures vanquished.

Grand Total: 18 creatures vanquished

Notes
Turn   | Place    | Note
-------+----------+-------------------------------------------
     0 | D        | Lanoc the Felid Monk began the quest for the Orb.
     0 | D        | Reached XP level 1. HP: 10/10 MP: 2/2
     2 | D        | Noticed Ijyb
    22 | D        | Killed Ijyb
    22 | D        | Reached XP level 2. HP: 5/15 MP: 3/3
   216 | D        | Noticed an ogre
   225 | D        | Killed an ogre
   225 | D        | Reached skill level 5 in Fighting
   225 | D        | Reached skill level 5 in Stealth
   225 | D        | Reached skill level 5 in Unarmed Combat
   225 | D        | Reached XP level 3. HP: 1/20 MP: 4/4
   225 | D        | Reached XP level 4. HP: 2/24 MP: 5/5
   498 | D        | Noticed Sigmund
   501 | D        | Killed Sigmund
   501 | D        | Reached skill level 8 in Stealth
   501 | D        | Reached XP level 5. HP: 28/28 MP: 6/6
   501 | D        | Gained mutation: You are covered in thick fur. (AC +2) [Felid growth]
   501 | D        | Reached XP level 6. HP: 33/33 MP: 7/7
   515 | D        | Found a deep blue altar of Sif Muna.
   517 | D        | Found a radiant altar of Vehumet.
   584 | D        | Found Casohapa's Assorted Antiques.
   584 | D        | Found an ancient bone altar of Kikubaaqudgha.
   584 | D        | Found a hazy altar of Hepliaklqana.
   584 | D        | Found a stormy altar of Qazlal.
   584 | D        | Found a hide-covered altar of Uskayaw.
   584 | D        | Found a blossoming altar of Fedhas.
   584 | D        | Found a bloodstained altar of Trog.
   584 | D        | Found an iron altar of Okawaru.
   584 | D        | Found a basalt altar of Yredelemnul.
   584 | D        | Found a glowing golden altar of the Shining One.
   584 | D        | Found a snail-covered altar of Cheibriados.
   584 | D        | Found a sacrificial altar of Ru.
   584 | D        | Found a glowing silver altar of Zin.
   584 | D        | Found a shadowy altar of Dithmenos.
   584 | D        | Found a white marble altar of Elyvilon.
   584 | D        | Noticed a yak
   585 | D        | Found an opulent altar of Gozag.
   586 | D        | Killed a yak
   586 | D        | Reached skill level 10 in Dodging
   586 | D        | Reached skill level 9 in Stealth
   587 | D        | Found a sparkling altar of Nemelex Xobeh.
   595 | D        | Became a worshipper of Dithmenos the Shadowed
   595 | D        | Reached * piety under Dithmenos
   595 | D        | Reached ** piety under Dithmenos
   603 | D        | Noticed Sonja
   607 | D        | Killed Sonja
   607 | D        | Reached skill level 12 in Stealth
   607 | D        | Reached XP level 7. HP: 38/38 MP: 8/8
   607 | D        | Reached XP level 8. HP: 42/42 MP: 9/9
   644 | D        | Found a viscous altar of Jiyva.
   644 | D        | Found a corrupted altar of Lugonu.
   644 | D        | Noticed a slime creature
   645 | D        | Found a burning altar of Makhleb.
   645 | D        | Found a shimmering altar of Xom.
   647 | D        | Killed a slime creature
   647 | D        | Reached skill level 13 in Stealth
   659 | D        | Noticed a kobold demonologist
   660 | D        | Noticed a kobold demonologist
   662 | D        | Killed a kobold demonologist
   662 | D        | Reached skill level 14 in Stealth
   663 | D        | Reached *** piety under Dithmenos
   665 | D        | Killed a kobold demonologist
   665 | D        | Reached skill level 10 in Fighting
   665 | D        | Reached skill level 10 in Unarmed Combat
   685 | D        | Noticed a centaur warrior
   685 | D        | Noticed a centaur warrior
   693 | D        | Killed a centaur warrior
   693 | D        | Reached skill level 16 in Stealth
   693 | D        | Reached XP level 9. HP: 31/47 MP: 10/10
   702 | D        | Killed a centaur warrior
   702 | D        | Reached skill level 17 in Stealth
   707 | D        | Killed a gargoyle
   856 | D        | Paralysed by a hornet for 2 turns
   864 | D        | Reached **** piety under Dithmenos
  1029 | D        | Noticed an oklob plant
  1032 | D        | Killed from afar by an oklob plant
  1033 | D        | Reached XP level 8. HP: -8/45 MP: 9/9
  1036 | D        | Noticed a demonic crawler
  1036 | D        | Noticed a demonic crawler
  1036 | D        | Noticed a demonic crawler
  1036 | D        | Noticed a demonic crawler
  1042 | D        | Slain by a demonic crawler
  1043 | D        | Reached XP level 7. HP: -3/40 MP: 8/8
  1047 | D        | Noticed a deep troll
  1049 | D        | Killed a deep troll
  1049 | D        | Reached XP level 8. HP: 45/45 MP: 9/9
  1063 | D        | Found Xelaest's Armour Emporium.
  1160 | D        | Killed a demonic crawler
  1160 | D        | Reached skill level 18 in Stealth
  1167 | D        | Found Jegurra's Distillery.
  1173 | D        | Gained mutation: You expend magic power (3 MP) to strengthen your wands. [potion of mutation]
  1173 | D        | Gained mutation: You possess an exceptional clarity of mind. [potion of mutation]
  1177 | D        | Slain by a demonic crawler

Skill      XL: |  1  2  3  4  5  6  7  8  9 |
---------------+----------------------------+-----
Fighting       | 4 5 7 9 10 11 | 11.5
Dodging        | 6 7 9 11 13 14 | 14.5
Unarmed Combat | 4 5 7 9 10 11 | 11.5
Stealth        | 5 8 12 18 17 | 18.0

Action                   |  1- 3 |  4- 6 |  7- 9 || total
-------------------------+-------+-------+-------++-------
Melee: Unarmed           |    28 |     6 |    60 ||    94
       Bite              |     2 |     2 |    15 ||    19
       Punch             |       |       |     4 ||     4
  Use: Potion            |       |       |     5 ||     5
 Stab: Sleeping          |       |     3 |     6 ||     9
  Eat: Chunk             |     3 |     4 |     5 ||    12
Armor: Skin              |     1 |       |     2 ||     3
Dodge: Dodged            |    15 |     2 |   113 ||   130
